AoeStats
← [RAT] G0rm

African Clearing

506474816Analyzed
4v4 RM · 19d ago on Sep 13, 2026· 48m 37s· 8 players
Game mode
Random Map
Map size
Large (8 player)
Population
200
Speed
Normal
Resources
Standard
Victory
Conquest
Starting age
Dark Age
Ending age
Imperial Age
RankedLock teamsTeams togetherTeam positionsShared explorationLock speedFull tech treeHidden civsTurbo modeCheats
Victory
Defeat
🇨🇳 Mongols · China
1690
+12
🇨🇳 Japanese · China
1663
+13
1646
+14
🇬🇧 Hindustanis · United Kingdom
1636
+15
🇺🇸 Wei · United States
1658
-15
🇺🇸 Berbers · United States
1640
-15
🇳🇱 Byzantines · Netherlands
1567
-12
🇷🇴 Japanese · Romania
1561
-12
新竹
8:50 Loom
11:39 Feudal Age
11:55 Loom
11:43 Man-at-Arms
12:46 Town Watch
13:07 Double-Bit Axe
15:42 Fletching
24:13 Wheelbarrow
28:03 Castle Age
29:12 Scale Barding Armor
30:10 Bodkin Arrow
35:56 Bow Saw
35:40 Horse Collar
36:45 Gold Mining
37:39 Stone Mining
38:26 Guard Tower
40:04 Ballistics
45:14 Scale Mail Armor
47:51 Forging
47:57 Chain Mail Armor
兰博基尼
13:30 Feudal Age
14:44 Double-Bit Axe
17:01 Castle Age
17:56 Loom
19:08 Bow Saw
19:37 Fletching
22:20 Horse Collar
23:11 Town Watch
27:10 Wheelbarrow
27:00 Ballistics
28:54 Bloodlines
28:44 Husbandry
29:30 Bodkin Arrow
29:36 Padded Archer Armor
35:30 Imperial Age
33:38 Hand Cart
33:36 Gold Mining
33:37 Stone Mining
35:33 Leather Archer Armor
35:39 Thumb Ring
36:16 Bracer
36:53 Parthian Tactics
37:55 Chemistry
38:07 Conscription
39:33 Elite Mangudai
40:27 Capped Ram
41:35 Siege Engineers
41:33 Siege Ram
43:17 Drill
45:05 Masonry
45:06 Careening
44:56 Murder Holes
46:47 Town Patrol
47:27 Heavy Plow
47:35 Light Cavalry
种田人口才是基本盘
13:13 Feudal Age
14:42 Double-Bit Axe
14:56 Double-Bit Axe
15:04 Loom
17:24 Castle Age
18:15 Loom
19:09 Bow Saw
23:30 Scale Mail Armor
23:27 Fishing Lines
24:42 Arson
25:50 Squires
27:36 Gold Mining
29:12 Wheelbarrow
31:49 Chain Mail Armor
36:45 Imperial Age
35:15 Elite Skirmisher
36:02 Fletching
37:48 Conscription
37:25 Bodkin Arrow
38:13 Ballistics
38:33 Bracer
38:33 Padded Archer Armor
40:21 Leather Archer Armor
47:41 Ring Archer Armor
49:18 Chemistry
Go-Toba
4:39 Loom
4:49 Loom
4:54 Loom
11:06 Feudal Age
11:37 Double-Bit Axe
13:58 Fletching
15:41 Horse Collar
16:05 Town Watch
22:01 Castle Age
21:28 Padded Archer Armor
22:04 Crossbowman
22:48 Bodkin Arrow
32:21 Ballistics
33:04 Heavy Plow
42:17 Imperial Age
41:38 Wheelbarrow
44:56 Thumb Ring
46:14 Bracer
49:50 Chemistry
[RAT] Havik_AoE
7:20 Loom
12:52 Feudal Age
17:11 Castle Age
17:05 Double-Bit Axe
17:12 Horse Collar
17:24 Fletching
19:53 Bodkin Arrow
21:49 Crossbowman
23:42 Padded Archer Armor
24:09 Bow Saw
27:55 Wheelbarrow
33:37 Imperial Age
33:37 Ballistics
34:32 Bracer
37:31 Chemistry
38:40 Conscription
40:40 Arbalester
41:34 Thumb Ring
43:26 Elite Skirmisher
45:52 Leather Archer Armor
47:42 Hand Cart
48:54 Ring Archer Armor
[RAT] G0rm
9:26 Loom
12:22 Feudal Age
14:12 Double-Bit Axe
17:02 Fletching
19:22 Padded Archer Armor
25:22 Castle Age
25:28 Castle Age
26:08 Bodkin Arrow
25:35 Elite Skirmisher
28:15 Leather Archer Armor
35:54 Scale Mail Armor
38:04 Forging
41:03 Wheelbarrow
42:01 Chain Mail Armor
44:12 Gambesons
44:13 Arson
[RAT] Spencer
8:55 Loom
12:17 Feudal Age
16:44 Fletching
18:08 Double-Bit Axe
18:52 Horse Collar
23:29 Gold Mining
23:30 Stone Mining
30:18 Castle Age
35:33 Town Watch
40:11 Bow Saw
40:50 Wheelbarrow
40:25 Bodkin Arrow
44:18 Scale Barding Armor
46:27 Chain Barding Armor
47:15 Bloodlines
Benedict Cucumberpatch
4:24 Loom
12:54 Feudal Age
16:49 Castle Age
15:19 Double-Bit Axe
16:00 Horse Collar
16:36 Fletching
21:57 Ballistics
22:21 Bodkin Arrow
25:21 Padded Archer Armor
26:06 Wheelbarrow
31:31 Town Watch
33:57 Bloodlines
34:27 Thumb Ring
34:46 Husbandry
39:33 Imperial Age
37:27 Light Cavalry
38:13 Scale Barding Armor
38:19 Forging
39:07 Stone Mining
39:35 Masonry
41:11 Bracer
44:29 Kasbah
43:50 Elite Camel Archer
44:37 Hussar
45:42 Elite Camel Archer
46:33 Kasbah
48:41 Chain Barding Armor
Connection lost

Rejoining the realm…

Still unreachable

The connection could not be restored.

Session expired

The server has moved on; the page needs a fresh start.